 Dungeon Crawl Stone Soup version 0.23.2-33-g5129a83184 (webtiles) character file.

Game seed: 10310415955735636872

13119 HEYYEYAAE the Bludgeoner (level 11, -10/93 (94) HPs)
             Began as a Troll Berserker on June 28, 2019.
             Was a High Priest of Trog.
             Mangled by a yak (14 damage)
             ... on level 11 of the Dungeon.
             The game lasted 00:16:09 (10728 turns).

HEYYEYAAE the Bludgeoner (Troll Berserker)         Turns: 10728, Time: 00:16:09

HP:   -10/93 (94)   AC:  9    Str: 30    XL:     11   Next: 71%
MP:   6/10          EV: 10    Int:  3    God:    Trog [*****.]
Gold: 433           SH:  0    Dex: 12    Spells: 10/10 levels left

rFire    . . .     SeeInvis .   F - +1 flail (crush)
rCold    . . .     Gourm    +   (no shield)
rNeg     . . .     Faith    +   E - +0 steam dragon scales
rPois    .         Spirit   .   (helmet restricted)
rElec    .         Reflect  .   (no cloak)
rCorr    +         Harm     .   (gloves unavailable)
MR       .....                  (boots unavailable)
Stlth    +.........             e - amulet of faith
HPRegen  0.65/turn              m - ring of resist corrosion
MPRegen  0.12/turn              z - +3 ring of dexterity

@: about to teleport, berserk cooldown, slowed, very slow
A: large, unfitting armour, claws 3, fast metabolism 3, gourmand, regeneration
1, shaggy fur 1, tough skin 3
a: Berserk, Trog's Hand, Brothers in Arms, Renounce Religion


You were on level 11 of the Dungeon.
You worshipped Trog.
Trog was extremely pleased with you.
You were not hungry.

You visited 1 branch of the dungeon, and saw 12 of its levels.
You also visited: Ossuary.

You collected 537 gold pieces.
You spent 104 gold pieces at shops.

Inventory:

Hand Weapons
 a - a +0 mace
 q - a +1 giant club
 D - a +0 giant spiked club
 F - a +1 flail of crushing (weapon)
Missiles
 p - 7 large rocks (quivered)
Armour
 b - a +1 animal skin
 C - a +0 robe of cold resistance
 E - +0 steam dragon scales (worn)
 J - a +0 cloak
Jewellery
 e - an amulet of faith (around neck)
 m - a ring of resist corrosion (left claw)
 z - a +3 ring of dexterity (right claw)
Wands
 x - a wand of iceblast (5)
 y - a wand of enslavement (13)
 H - a wand of disintegration (14)
Scrolls
 f - 4 scrolls of fog
 i - 5 scrolls of remove curse
 j - 7 scrolls of teleportation
 o - 2 scrolls of magic mapping
 u - 3 scrolls of immolation
 w - 5 scrolls of enchant weapon
 G - a scroll of fear {unknown}
 I - a scroll of identify
Potions
 d - 3 potions of flight
 g - a potion of berserk rage
 h - a potion of might
 k - 4 potions of brilliance
 l - a potion of mutation
 n - 2 potions of lignification {unknown}
 r - 2 potions of magic {unknown}
 s - 9 potions of degeneration {unknown}
 t - 2 potions of ambrosia {unknown}
 v - 6 potions of curing
 A - 2 potions of heal wounds
 B - 2 potions of agility
Comestibles
 c - 16 rations


   Skills:
 - Level 2.4 Fighting
 + Level 16.4 Maces & Flails
 - Level 2.4 Dodging


You had 10 spell levels left.
You didn't know any spells.
Your spell library contained the following spells:

 Spells                   Type           Power        Failure   Level  Hunger
 Animate Skeleton         Necr           N/A          52%         1    ##.....
 Apportation              Tloc           #.....       52%         1    ##.....
 Confusing Touch          Hex            #.....       52%         1    ##.....
 Summon Small Mammal      Summ           #...         52%         1    ##.....


Dungeon Overview and Level Annotations

Branches:
Dungeon (12/15)            Temple (0/1) D:5            Lair (0/6) D:11
    Orc (0/2) D:9

Altars:
Cheibriados
Fedhas
Gozag
Kikubaaqudgha
Makhleb
Nemelex Xobeh
Okawaru
Trog
The Shining One

Shops:
D:5 =   D:9 *

Annotations:
D:8 exclusion: 2 oklob plants


Innate Abilities, Weirdness & Mutations

You are too large for most types of armour.
You have claws for hands.
Your metabolism is lightning-fast.
You like to eat raw meat.
Your natural rate of healing is unusually fast.
You are covered in fur. (AC +1)
You have extremely tough skin. (AC +3)


Message History

Unknown command.
Unknown command.
Unknown command.
Unknown command.
Unknown command.
Unknown command.
Unknown command.
Unknown command.
Unknown command.
Unknown command.
Unknown command.
As you read the scroll of teleportation, it crumbles to dust.
You feel strangely unstable. The yak barely misses you. The yak gores you!
* * * LOW HITPOINT WARNING * * *
The yak closely misses you. The yak gores you!
* * * LOW HITPOINT WARNING * * *
The yak gores you.
* * * LOW HITPOINT WARNING * * *
The yak gores you!
You die...

########## #.....@YY#
####......Y.#
##.##........##
#.............########
##.##........#.......#
#######...........###.####.#
..................# ##..##.#
.######......####.###.#.##.#
.##########.##
##.#.##.##.######


You could see 3 yaks.

Vanquished Creatures
  An unseen horror (D:11)
  A cyclops (D:11)
  An ugly thing (D:11)
  A komodo dragon (D:11)
  A hippogriff (D:9)
  15 yaks
  3 wyverns
  A basilisk (D:11)
  Eustachio (D:4)
  A hungry ghost (D:9)
  2 wargs (D:9)
  A steam dragon (D:10)
  2 water moccasins
  An orc warrior (D:8)
  5 ice beasts
  3 sky beasts
  2 eyes of draining
  2 necrophages (D:7)
  8 ogres
  14 centaurs
  A big kobold (D:7)
  11 bullfrogs
  6 elf zombies (D:5)
  2 wyvern zombies (D:10)
  2 elf skeletons (D:5)
  7 scorpions
  8 wights
  4 centaur zombies
  7 crimson imps
  2 bullfrog zombies
  3 jellies
  7 hounds
  2 human zombies (D:5)
  10 orc wizards
  5 orc priests
  A bullfrog skeleton (D:10)
  2 centaur skeletons
  Natasha (twice) (D:2)
  3 iguanas
  6 worker ants
  A big kobold zombie (Ossuary)
  2 hound zombies
  A hound skeleton (D:10)
  3 mummies (Ossuary)
  Robin (D:4)
  7 gnolls
  14 adders
  A howler monkey skeleton (D:5)
  4 shadow imps
  3 oozes
  A worm (D:2)
  A dart slug (D:3)
  6 leopard geckos
  22 orcs
  7 giant cockroaches
  14 goblins
  9 hobgoblins
  10 jackals
  6 quokkas
  A ball python (D:3)
  6 bats
  A frilled lizard (D:2)
  A goblin skeleton (D:5)
  A goblin zombie (Ossuary)
  7 hobgoblin zombies
  11 kobolds
  2 kobold zombies
  A leopard gecko skeleton (D:4)
  A leopard gecko zombie (D:6)
  An orc skeleton (D:5)
  3 orc zombies
  A quokka zombie (D:5)
  6 rats
313 creatures vanquished.

Vanquished Creatures (collateral kills)
  Harold (D:8)
  A yak (D:9)
  2 killer bees (D:12)
  A sky beast (D:8)
  An orc wizard (D:8)
  2 orcs (D:8)
8 creatures vanquished.

Vanquished Creatures (others)
  A yak (D:12)
  3 centaurs (D:12)
  A killer bee (D:12)
  A plant (D:11)
6 creatures vanquished.

Grand Total: 327 creatures vanquished

Notes
Turn   | Place    | Note
-------+----------+-------------------------------------------
     0 | D:1      | HEYYEYAAE the Troll Berserker began the quest for the Orb.
     0 | D:1      | Reached XP level 1. HP: 22/22 MP: 0/0
   115 | D:1      | Reached skill level 3 in Maces & Flails
   170 | D:1      | Reached XP level 2. HP: 29/29 MP: 1/1
   834 | D:2      | Reached XP level 3. HP: 36/36 MP: 2/2
   955 | D:2      | Reached skill level 4 in Maces & Flails
  1255 | D:2      | Found a bloodstained altar of Trog.
  1445 | D:2      | Noticed Natasha
  1453 | D:2      | Killed Natasha
  1453 | D:2      | Reached XP level 4. HP: 34/44 MP: 3/3
  1460 | D:2      | Noticed Natasha
  1464 | D:2      | Killed Natasha
  1599 | D:3      | Reached skill level 5 in Maces & Flails
  1606 | D:3      | Reached XP level 5. HP: 50/50 MP: 4/4
  1609 | D:3      | Reached ** piety under Trog
  1771 | D:3      | Found a faded altar of an unknown god.
  2422 | D:4      | Noticed an ogre
  2427 | D:4      | Killed an ogre
  2427 | D:4      | Reached skill level 6 in Maces & Flails
  2453 | D:4      | Reached XP level 6. HP: 55/59 MP: 5/5
  2458 | D:4      | Noticed Robin
  2458 | D:4      | Noticed Eustachio
  2487 | D:4      | Killed Robin
  2490 | D:4      | Killed Eustachio
  2494 | D:4      | Reached skill level 7 in Maces & Flails
  2506 | D:4      | Reached XP level 7. HP: 66/66 MP: 6/6
  2649 | D:4      | Found a burning altar of Makhleb.
  2649 | D:4      | Found a sparkling altar of Nemelex Xobeh.
  2922 | D:4      | Found an opulent altar of Gozag.
  2924 | D:4      | Found an ancient bone altar of Kikubaaqudgha.
  3189 | D:5      | Entered Level 5 of the Dungeon
  3202 | D:5      | Reached skill level 8 in Maces & Flails
  3451 | D:5      | Reached *** piety under Trog
  3514 | D:5      | Reached skill level 9 in Maces & Flails
  3514 | D:5      | Reached XP level 8. HP: 41/74 MP: 7/7
  3561 | D:5      | Found a staircase to the Ecumenical Temple.
  3570 | D:5      | Found Gasupsek's Jewellery Shoppe.
  3657 | D:5      | Found a sand-covered staircase.
  3688 | D:5      | Reached skill level 10 in Maces & Flails
  3701 | Ossuary  | Entered an ossuary
  4069 | D:5      | Found a glowing golden altar of the Shining One.
  4204 | D:5      | Reached **** piety under Trog
  4258 | D:5      | Reached skill level 11 in Maces & Flails
  4285 | D:5      | Reached XP level 9. HP: 49/80 MP: 8/8
  5296 | D:6      | Found a burning altar of Makhleb.
  5433 | D:6      | Reached skill level 12 in Maces & Flails
  5459 | D:6      | Reached ***** piety under Trog
  5459 | D:6      | Received a gift from Trog
  5545 | D:6      | Found a snail-covered altar of Cheibriados.
  6753 | D:8      | Noticed Harold
  6822 | D:8      | Noticed an oklob plant
  6822 | D:8      | Noticed an oklob plant
  6824 | D:8      | Paralysed by a floating eye for 4 turns
  6831 | D:8      | Paralysed by a floating eye for 2 turns
  6848 | D:8      | Found an iron altar of Okawaru.
  6932 | D:8      | Reached skill level 13 in Maces & Flails
  6952 | D:8      | Reached XP level 10. HP: 73/87 MP: 9/9
  7013 | D:8      | Killed Harold
  7277 | D:8      | Paralysed by a floating eye for 3 turns
  7285 | D:8      | Paralysed by a floating eye for 3 turns
  7304 | D:8      | Paralysed by a floating eye for 3 turns
  7704 | D:9      | Received a gift from Trog
  7879 | D:9      | Reached skill level 14 in Maces & Flails
  7930 | D:9      | Found a staircase to the Orcish Mines.
  8301 | D:9      | Found Fyci Ado's General Store.
  8309 | D:9      | Bought a scroll of teleportation for 39 gold pieces
  8309 | D:9      | Bought a potion of heal wounds for 65 gold pieces
  8605 | D:10     | Entered Level 10 of the Dungeon
  8607 | D:10     | Reached skill level 15 in Maces & Flails
  8611 | D:10     | Reached XP level 11. HP: 85/93 MP: 10/10
  8776 | D:10     | Received a gift from Trog
  9497 | D:11     | Killed an unseen horror
  9981 | D:11     | Found a staircase to the Lair.
  9985 | D:11     | Reached skill level 16 in Maces & Flails
 10091 | D:11     | Noticed a green ugly thing
 10101 | D:11     | Killed a green ugly thing
 10450 | D:11     | Found a blossoming altar of Fedhas.
 10704 | D:12     | Received a gift from Trog
 10728 | D:11     | HP: 4/93 [yak (3)]
 10728 | D:11     | Mangled by a yak

Skill      XL: |  1  2  3  4  5  6  7  8  9 10 11 |
---------------+----------------------------------+-----
Maces & Flails | 3 4 5 6 7 9 11 13 15 16 | 16.4
Fighting       | |  2.4
Dodging        | |  2.4

Action                   |  1- 3 |  4- 6 |  7- 9 | 10-12 || total
-------------------------+-------+-------+-------+-------++-------
Melee: Mace              |   118 |   123 |   692 |    74 ||  1007
       Giant club        |       |       |       |   191 ||   191
       Flail             |       |       |       |   161 ||   161
Throw: Large rock        |       |       |       |     1 ||     1
Invok: Berserk           |     1 |     3 |    10 |     6 ||    20
       Trog's Hand       |       |     1 |     1 |     2 ||     4
       Brothers in Arms  |       |       |       |     3 ||     3
Evoke: Wand              |       |     4 |     1 |    12 ||    17
  Use: Scroll            |       |     3 |     5 |     8 ||    16
       Potion            |       |     3 |     4 |       ||     7
 Stab: Sleeping          |       |     1 |     2 |       ||     3
  Eat: Chunk             |    12 |    10 |    54 |    47 ||   123
       Ration            |       |     1 |     1 |       ||     2
Armor: Animal skin       |    59 |    46 |   187 |    61 ||   353
       Steam dragon scal |       |       |       |    64 ||    64
Dodge: Dodged            |    93 |    79 |   298 |   191 ||   661
